Map: Ephemeron LE

Players

kers - Winner!

  • Race: Zerg Zerg
  • League: Platinum
  • Spawn Location: 5:00

VOD

Have the link to the VOD?

Description

Time

  • Played on: March 6, 2020, 4:29 p.m.
  • Length: 7:18
Show
View Real Time Build Order
Export as new Build Order

kers Zerg - Winner!

Build Orders: Pool First 

Get SALT Encoding   

  12  0:02  Drone  
  12  0:08  Drone  
  12  0:16  Overlord  
  12  0:28  Extractor  
  12  0:29  Drone  
  12  0:35  Drone x2  
  12  0:46  Drone  
  12  0:53  Spawning Pool  
  12  0:57  Drone  
  12  1:07  Drone  
  12  1:18  Drone  
  12  1:26  Hatchery  
  12  1:29  Drone  
  12  1:40  Queen  
  12  1:42  Drone  
  12  2:29  Extractor, Overlord x2  
  12  2:32  Drone  
  12  2:45  Roach Warren  
  12  2:51  Lair  
  12  3:02  Drone x6  
  12  3:18  Evolution Chamber  
  12  3:32  Roach  
  12  3:49  Hydralisk Den  
  12  3:59  Ravager  
  12  4:01  Roach x4  
  12  4:02  Roach  
  12  4:05  Overlord x3  
  12  4:24  Ravager  
  12  4:25  Ravager x2  
  12  4:42  Lurker Den  
  12  4:52  Hatchery  
  12  5:03  Hydralisk x2  
  12  5:13  Drone x2  
  12  5:14  Drone x2  
  12  5:23  Extractor  
  12  5:24  Extractor  
  12  5:31  Hydralisk  
  12  5:52  Lurker  
  12  5:53  Lurker  
  12  5:57  Lurker  
  12  6:08  Drone x2  
  12  6:09  Drone x4  
Tags
 
Add a new tag
Caveats
  • Supply blocks, unpowered buildings, or Contaminate may cause inaccurate times.
  • Supply counts are checked every 10 seconds.